 Dungeon Crawl Stone Soup version bcrawl-1.38.3 (webtiles) character file.

Game seed: 11586128422429357645

328657 MisterOstroum the Fighter (level 10, -1/89 HPs)
             Began as a Ghoul Ice Elementalist on May 13, 2023.
             Was an Elder of Sif Muna.
             Slain by a wight
             ... wielding a +2 spear
              (2 damage)
             ... on level 8 of the Dungeon on May 14, 2023.
             The game lasted 00:30:02 (7918 turns).

MisterOstroum the Fighter (Ghoul Ice Elementalist)  Turns: 7918, Time: 00:30:03

Health: -1/89      AC:  4    Str: 14    XL:     10   Next: 65%
Magic:  9/18       EV: 13    Int: 15    God:    Sif Muna [****..]
Gold:   723        SH:  0    Dex: 13    Spells: 8/20 levels left

rFire    . . .     GDR:     25% a - +0 hunting sling (freeze)
rCold    . . .     SeeInvis +   (no shield)
rNeg     + . .     Gourm    .   s - +0 troll leather armour
rPois    +         Faith    .   (no helmet)
rElec    .         Spirit   .   (no cloak)
rCorr    .         Reflect  .   (no gloves)
MR       .....                  (no boots)
Stlth    ++........             (no amulet)
HPRegen  0.64/turn              x - ring of see invisible
MPRegen  0.16/turn              r - ring of wizardry

@: quick
A: claws 1, carnivore, speed 1, negative energy resistance 1, poison resistance,
partial torment resistance, strong legs 1
a: Hop, Divine Energy, Channel Magic, Forget Spell, Renounce Religion


You were on level 8 of the Dungeon.
You worshipped Sif Muna.
Sif Muna was greatly pleased with you.
You were not hungry.

You visited 2 branches of the dungeon, and saw 9 of its levels.
You also visited: Sewer.

You collected 723 gold pieces.

Inventory:

Hand Weapons
 a - a +0 hunting sling of freezing (weapon)
 f - a +1 dagger
 j - a +0 short sword of draining
 t - a +2 long sword of distortion
 J - a +3 hunting sling
Missiles
 b - 459 bolts
 d - 170 poisoned tomahawks
 g - 1256 stones (quivered)
 h - 477 sling bullets
 k - 1390 arrows
 m - 49 javelins
 q - a throwing net {=f!f}
 H - 155 poisoned needles
Armour
 s - a +0 troll leather armour (worn)
 w - a +1 robe
 y - a +0 large shield
Magical Staves
 Q - an uncursed staff of earth
Jewellery
 r - a ring of wizardry (right claw)
 x - a ring of see invisible (left claw)
 L - the amulet of Tear {Inacc *Drain rPois Dex+4, unknown}
   (You found it on level 6 of the Dungeon)

   [amulet of inaccuracy]

   It reduces the accuracy of all your attacks.
   It affects your dexterity (+4).
   It protects you from poison.
   It causes draining when unequipped.
Wands
 c - a wand of iceblast (1)
 u - a wand of flame (15)
 D - a wand of acid (6)
 F - a wand of charming (6)
 K - a wand of paralysis (3)
 O - a wand of polymorph (17)
Scrolls
 n - 5 scrolls of remove curse
 o - 5 scrolls of teleportation {@r3 !r}
 p - 2 scrolls of blinking {@r4}
 B - a scroll of enchant weapon
 G - a scroll of enchant armour
Potions
 l - 6 potions of curing
 v - 5 potions of agility
 z - a potion of degeneration
 A - 4 potions of flight
 C - a potion of brilliance
 E - a potion of magic
 M - a potion of berserk rage
 R - a potion of lignification {@q6}
 S - a potion of mutation
Comestibles
 e - 13 rations {!d}
 i - 26 chunks of flesh


   Skills:
 + Level 8.3 Fighting
 + Level 4.3 Dodging
 - Level 3.0 Stealth
 + Level 6.2 Unarmed Combat
 + Level 5.5 Spellcasting
 - Level 0.7 Conjurations
 * Level 5.6 Transmutations
 - Level 8.0 Ice Magic
 + Level 0.2 Evocations


You had 8 spell levels left.
You knew the following spells:

 Your Spells              Type           Power        Failure   Level  Hunger
a - Freeze                Ice            ####..       1%          1    None
b - Throw Frost           Conj/Ice       ###...       1%          2    None
c - Ice Form              Ice/Tmut       ###.....     4%          4    ####...
d - Sticks to Snakes      Tmut           ###.....     1%          2    None
e - Ozocubu's Armour      Chrm/Ice       ###.....     4%          3    ##.....

Your spell library contained the following spells:

 Spells                   Type           Power        Failure   Level  Hunger
 Beastly Appendage        Tmut           ###...       1%          1    None
 Passwall                 Tmut/Erth      ##......     4%          2    None
 Spider Form              Tmut/Pois      ##.          8%          3    ##.....
 Corona                   Hex            #......      9%          1    None
 Throw Icicle             Conj/Ice       ###.....     13%         4    ####...
 Summon Ice Beast         Ice/Summ       ###.....     16%         4    ####...
 Blade Hands              Tmut           ###.......   21%         5    ######.
 Spectral Weapon          Hex/Chrm       #.......     24%         3    ##.....
 Yara's Violent Unravell  Hex/Tmut       ##........   24%         4    ####...
 Metabolic Englaciation   Hex/Ice        ###.......   38%         5    ######.
 Irradiate                Conj/Tmut      ##........   50%         5    ######.
 Discord                  Hex            #.........   100%        7    #######


Dungeon Overview and Level Annotations

Branches:
Dungeon (8/12)             Temple (1/1) D:5
   Lair: D:7-9          Orc: D:8-11

Altars:
Ashenzari
Cheibriados
Dithmenos
Gozag
Hepliaklqana
Kikubaaqudgha
Lugonu
Makhleb
Nemelex Xobeh
Qazlal
Ru
Sif Muna
Uskayaw
Vehumet
Wu Jian
Xom
Yredelemnul

Shops:
D:4 [   D:7 [


Innate Abilities, Weirdness & Mutations

Eating raw meat heals you.
You have sharp fingernails.
You are carnivorous and can eat meat at any time.
You cover ground quickly.
You resist negative energy. (rN+)
Your system is resistant to poisons. (rPois)
You are less affected by unholy pain and torment.
You can hop short distances.


Message History

a +0 spear of pain; a gnoll corpse There isn't anything here!
Things that are here:
a +0 spear of pain; a gnoll corpse You butcher the gnoll corpse.
i - 23 chunks of flesh (gained 4)
Things that are here:
a +0 spear of pain; a gnoll skeleton A quasit comes into view.
You hear a grinding noise.
There isn't anything here!
i - 25 chunks of flesh (gained 2)
You see here an orc skeleton.
A worker ant comes into view.
There isn't anything to butcher here.
There isn't anything to butcher here.
Visions of eating the worker ant fill your mind.
You see here a +0 club.
There isn't anything to butcher here.
The worker ant barely misses you.
The worker ant bites you but does no damage.
You pummel the worker ant!! You freeze the worker ant.
You break out of your daze!
You kill the worker ant!
Sif Muna accepts your kill.
No target in view!
No target in view!
No target in view!
You see here a worker ant corpse.
There isn't anything here!
You see here a worker ant corpse.
Your magical contamination has completely faded away.
There isn't anything here!
You see here a worker ant corpse.
You butcher the worker ant corpse.
i - 26 chunks of flesh (gained 1)
A wight comes into view. It is wielding a +0 morningstar.
A centaur comes into view.
The wight moves out of view.
A centaur is nearby! 2 yaks and a wight come into view.
The centaur shouts!
The yak bellows!
You hear a bellow!
The yak bellows!
A yak comes into view.
A wight comes into view. It is wielding a +0 battleaxe.
Visions of eating the yak fill your mind.
The centaur wields a +0 shortbow.
The centaur shoots an arrow.
The arrow hits you. The yak closely misses you.
The yak bellows!
A wight comes into view.
It is wielding a +0 long sword and wearing a +2 robe of magic recovery.
The gnoll shouts!
The yak bellows!
You hear an angry hiss.
The yak gores you.
You hit the centaur. You freeze the centaur.
The centaur is moderately wounded.
Your transformation is almost over.
The centaur unwields a +0 shortbow.
The centaur barely misses you. The yak gores you but does no damage.
The wight hits you from afar with a +2 spear!
You barely miss the centaur.
The centaur is moderately wounded.
The wight hits you but does no damage. The centaur hits you!
The yak gores you but does no damage. The wight barely misses you.
You hit the centaur but do no damage.
The centaur is moderately wounded.
Visions of eating the centaur fill your mind.
The yak closely misses you. The wight closely misses you.
The centaur hits you but does no damage.
The yak gores you!
Your self-preservation overcomes your need to hunt.
You hit the centaur but do no damage.
The centaur is moderately wounded.
The yak closely misses you.
The wight hits you from afar with a +2 spear.
The yak closely misses you. The centaur hits you.
You hit the centaur.
The centaur is heavily wounded.
The yak closely misses you. The wight hits you with a +0 battleaxe.
The wight closely misses you. The yak gores you! The yak barely misses you.
You punch the centaur! You freeze the centaur.
You kill the centaur!
Sif Muna accepts your kill. The wight misses you. The yak gores you.
The wight hits you from afar with a +2 spear.
The yak gores you! The yak gores you.
* * * LOW HITPOINT WARNING * * *
The wight closely misses you.
You warm up again.
Your +0 hunting sling of freezing unmelds from your body.
Your +0 troll leather armour unmelds from your body.
Your +0 hunting sling of freezing is covered in frost.
The wight barely misses you. The yak gores you!
* * * LOW HITPOINT WARNING * * *
The yak gores you.
* * * LOW HITPOINT WARNING * * *
The yak gores you!
* * * LOW HITPOINT WARNING * * *
The wight hits you with a +0 morningstar.
* * * LOW HITPOINT WARNING * * *
The yak gores you but does no damage.
The wight hits you from afar with a +2 spear.
You die...

*,,,,,,,,,*,,,,,*******.........
*,,,,,,,,,#.....................
*,,,,,,,,,#.....................
**,,,***+#*.....#.#.....##......
******,.#.#.....##.....##.....#
*,.........#......##.....#
*,.....z.Yg#..............
*,......YYY#..............
*****#..z@Y#..........)...
#..zz.#.............#
#.............)÷...÷#
#.....##.....##).....
###'.#########.)..... #...)..#
#......# ##......# ##))....
#.......# #)[).... #....)..#
#))....#


You could see 5 yaks, 4 wights and a gnoll.

Vanquished Creatures
  An unseen horror (D:7)
  The ghost of Galewind the Destroyer, a novice AvCj (D:6)
  A kobold demonologist (D:7)
  3 trolls
  A yak (D:8)
  2 hungry ghosts
  An orc warrior (D:6)
  An ice beast (D:6)
  A sky beast (D:7)
  4 phantoms
  A necrophage (D:5)
  4 ogres
  4 bullfrogs
  2 kobold brigands
  3 centaurs
  5 orc priests
  3 howler monkeys
  6 crimson imps
  A quasit (D:8)
  5 hounds
  2 jellies
  2 orc wizards
  A bullfrog skeleton (D:7)
  5 worker ants
  3 iguanas
  A hound zombie (D:7)
  A hound skeleton (D:4)
  3 howler monkey skeletons
  6 gnolls
  9 adders
  A river rat (D:6)
  2 shadow imps
  6 oozes
  2 adder skeletons
  9 worms
  4 dart slugs
  8 leopard geckos
  34 orcs
  5 ball pythons
  4 giant cockroaches
  7 goblins
  5 hobgoblins
  14 jackals
  26 kobolds
  4 quokkas
  13 bats
  7 frilled lizards
  A jackal zombie (D:5)
  A quokka zombie (D:5)
  5 rats
  A plant (D:8)
242 creatures vanquished.

Vanquished Creatures (collateral kills)
  A bullfrog skeleton (D:8)
1 creature vanquished.

Vanquished Creatures (others)
  A plant (D:8)
1 creature vanquished.

Grand Total: 244 creatures vanquished

Notes
Turn   | Place    | Note
-------+----------+-------------------------------------------
     0 | D:1      | MisterOstroum the Ghoul Ice Elementalist began the quest
                  | for the Orb.
     0 | D:1      | Reached XP level 1. HP: 14/14 MP: 3/3
    85 | D:1      | Reached skill level 1 in Fighting
   126 | D:1      | Reached XP level 2. HP: 19/23 MP: 0/5
   428 | D:1      | Reached XP level 3. HP: 28/29 MP: 4/6
  1368 | D:2      | Reached XP level 4. HP: 17/37 MP: 1/8
  1813 | D:2      | Learned a level 2 spell: Throw Frost
  1818 | D:2      | Learned a level 4 spell: Ice Form
  1981 | D:2      | Reached XP level 5. HP: 35/44 MP: 6/9
  2016 | D:2      | Found an opulent altar of Gozag.
  2019 | D:2      | Found a sparkling altar of Nemelex Xobeh.
  2474 | D:3      | Found a glowing drain.
  2481 | Sewer    | Entered a sewer
  2572 | Sewer    | Reached skill level 1 in Unarmed Combat
  3163 | D:3      | Found a basalt altar of Yredelemnul.
  3287 | D:3      | Reached skill level 1 in Transmutations
  3287 | D:3      | Reached XP level 6. HP: 51/51 MP: 8/11
  3572 | D:3      | Found a hide-covered altar of Uskayaw.
  3676 | D:3      | Reached skill level 5 in Ice Magic
  3899 | D:4      | Noticed a phantom
  3933 | D:4      | Reached XP level 7. HP: 53/57 MP: 10/13
  4288 | D:4      | Found Dafadghi's Armour Boutique.
  4343 | D:4      | Reached XP level 8. HP: 52/66 MP: 10/14
  4423 | D:4      | Found a shadowy altar of Dithmenos.
  4558 | D:5      | Entered Level 5 of the Dungeon
  4654 | D:5      | Found a white marble altar of Elyvilon.
  4773 | D:5      | Found a staircase to the Ecumenical Temple.
  4786 | Temple   | Entered the Ecumenical Temple
  4816 | Temple   | Became a worshipper of Sif Muna the Loreminder
  5251 | D:5      | Found a corrupted altar of Lugonu.
  5455 | D:5      | Found a stormy altar of Qazlal.
  5456 | D:5      | Found a blossoming altar of Fedhas.
  5456 | D:5      | Found an ancient bone altar of Kikubaaqudgha.
  5555 | D:6      | Reached skill level 5 in Fighting
  5617 | D:6      | Learned a level 2 spell: Sticks to Snakes
  5621 | D:6      | Learned a level 3 spell: Ozocubu's Armour
  5797 | D:6      | Found a runed translucent door.
  5802 | D:6      | Noticed Galewind's ghost (novice AvCj)
  5846 | D:6      | Killed Galewind's ghost
  5847 | D:6      | Reached * piety under Sif Muna
  5847 | D:6      | Reached XP level 9. HP: 20/75 MP: 12/15
  5876 | D:6      | Found a runed translucent door.
  5919 | D:6      | Identified Sif Muna's Almanac of Beguiling and
                  | Transmigration (Sif Muna gifted it to you on level 6 of the
                  | Dungeon)
  5919 | D:6      | Received a gift from Sif Muna
  5928 | D:6      | Reached skill level 5 in Unarmed Combat
  6095 | D:6      | Got an ancient brass amulet
  6345 | D:6      | Reached ** piety under Sif Muna
  6778 | D:7      | Found Wyepruqu's Antique Armour Shop.
  6900 | D:7      | Noticed a kobold demonologist
  6908 | D:7      | Killed a kobold demonologist
  6934 | D:7      | Reached XP level 10. HP: 86/86 MP: 12/17
  7050 | D:7      | Reached *** piety under Sif Muna
  7050 | D:7      | Reached skill level 5 in Spellcasting
  7061 | D:7      | Noticed an unseen horror
  7067 | D:7      | Killed an unseen horror
  7068 | D:7      | Reached skill level 5 in Transmutations
  7599 | D:8      | Noticed a two-headed ogre
  7875 | D:8      | Reached **** piety under Sif Muna
  7918 | D:8      | HP: 2/89 [yak (8)]
  7918 | D:8      | Slain by a wight

Skill      XL: |  1  2  3  4  5  6  7  8  9 10 |
---------------+-------------------------------+-----
Fighting       | 1 2 3 4 6 7 8 |  8.3
Stealth        | 3 |  3.0
Spellcasting   | 3 4 5 |  5.5
Ice Magic      | 4 5 6 7 8 |  8.0
Unarmed Combat | 1 2 4 5 6 |  6.2
Transmutations | 1 2 3 4 5 |  5.6
Dodging        | 3 4 |  4.3
Conjurations   | |  0.7
Evocations     | |  0.2

Action                   |  1- 3 |  4- 6 |  7- 9 | 10-12 || total
-------------------------+-------+-------+-------+-------++-------
Melee: Unarmed           |    44 |   124 |   243 |    94 ||   505
       Dagger            |    33 |       |       |     3 ||    36
       Punch             |       |     1 |     3 |     2 ||     6
       Short sword       |       |       |       |    15 ||    15
       Staff             |       |       |       |    13 ||    13
 Fire: Hunting sling     |       |     3 |    52 |     6 ||    61
Throw: Stone             |    12 |    41 |     8 |       ||    61
       Javelin           |       |    12 |       |       ||    12
 Cast: Freeze            |    52 |    92 |    65 |    11 ||   220
       Throw Frost       |       |    10 |    29 |    17 ||    56
       Ice Form          |       |     4 |    14 |     6 ||    24
       Sticks to Snakes  |       |       |     1 |     1 ||     2
 Abil: Hop               |     3 |     5 |     2 |     1 ||    11
       End Transformatio |       |     1 |       |     1 ||     2
Evoke: Wand              |       |       |       |     2 ||     2
  Use: Scroll            |     3 |     8 |     3 |     7 ||    21
       Potion            |       |       |       |     1 ||     1
 Stab: Sleeping          |     4 |     5 |     6 |       ||    15
       Paralysed         |       |       |       |     3 ||     3
  Eat: Chunk             |    12 |    27 |    33 |    13 ||    85
       Ration            |       |     1 |       |       ||     1
Armor: Robe              |    10 |    34 |    25 |     4 ||    73
       Skin              |       |    13 |    28 |    52 ||    93
       Troll leather arm |       |       |       |     7 ||     7
Dodge: Dodged            |    66 |   138 |   137 |    81 ||   422
